Coyotes vs Stars

Created - 25 février 2013 at 19:05

Goals
1 2 3 T
Coyotes 1 1 3 5
Stars 2 0 1 3
Shots
1 2 3 T
Coyotes 8 7 7 22
Stars 14 9 8 31

1st period

1. Coyotes , Chad Larose 9 (Drew Miller, Maxim Lapierre) at 8:09
2. Stars , Alexei Kovalev 12 (Mike Modano) at 11:01 (PP)
3. Stars , Patrik Elias 13 (Mike Modano) at 14:53

Penalties :
Christian Ehrhoff (Pho) for Holding (Minor) at 0:56, Sergei Samsonov (Pho) for Boarding (Minor) at 10:59, Jay Bouwmeester (Pho) for Hooking (Minor) at 11:14, Mike Modano (Dal) for Holding (Minor) at 15:43, Frans Nielsen (Pho) for Hooking (Minor) at 15:43

2nd period

4. Coyotes , Sergei Samsonov 13 (Marian Gaborik, Kurt Sauer) at 12:16 (PP)

Penalties :
Brenden Morrow (Pho) for Roughing (Minor) at 0:16, Branislav Mezei (Dal) for Roughing (Minor) at 3:49, Marian Gaborik (Pho) for Roughing (Minor) at 10:08, Branislav Mezei (Dal) for High sticking (Minor) at 11:11, Brendan Bell (Dal) for Interference (Minor) at 16:25, Jamal Mayers (Pho) for Interference (Minor) at 16:25, Cory Stillman (Dal) for Hooking (Minor) at 18:35

3rd period

5. Coyotes , Frans Nielsen 15 (Brenden Morrow, Marian Gaborik) at 5:46 (PP)
6. Coyotes , Frans Nielsen 16 (Jay Bouwmeester) at 7:49
7. Stars , Steve Rucchin 9 (Cory Stillman, Branislav Mezei) at 11:47 (PP)
8. Coyotes , Marian Gaborik 28 (Christian Ehrhoff) at 18:05

Penalties :
Mike Modano (Dal) for Roughing (Minor) at 5:22, Jiri Fischer (Pho) for Interference (Minor) at 11:11, Brenden Morrow (Pho) for Boarding (Minor) at 15:52, Maxim Lapierre (Pho) for Hooking (Minor) at 18:50

Goalie Stats

Jean-Sébastien Giguère (Pho), 28 saves from 31 shots - (0,903), W, 20-20-2, 60:00 minutes
Chris Osgood (Dal), 3 saves from 4 shots - (0,750), 12:11 minutes
Miika Kiprusoff (Dal), 14 saves from 18 shots - (0,778), L, 16-19-2, 47:49 minutes

Players Stats for Coyotes

Player Name              G  A  P  +/- PIM S  H  SB GA TA FO     MP     PP MP  PK MP  
------------------------------------------------------------------------------------
Brenden Morrow           0  1  1   0  4   1  2  3  0  1  0/0    17:54   2:48   0:42 
Chad Larose              1  0  1   1  0   3  3  0  0  1  1/2    16:00   1:40   6:16 
Christian Ehrhoff        0  1  1   0  2   1  0  1  1  1  0/0    16:14   1:35   0:50 
Craig Adams              0  0  0   0  0   2  1  2  0  0  4/11   13:59   0:00   6:16 
Denis Grebeshkov         0  0  0   2  0   0  0  1  0  0  0/0    12:14   1:26   0:17 
Drew Miller              0  1  1   1  0   1  3  0  0  0  0/0    12:54   0:03   3:41 
Frans Nielsen            2  0  2   1  2   3  1  0  1  0  3/9    17:21   1:40   4:06 
Jamal Mayers             0  0  0   1  2   1  0  0  0  0  0/0    10:11   0:03   0:00 
Jay Bouwmeester          0  1  1   0  2   1  4  5  1  0  0/0    28:09   2:56   4:55 
Jiri Fischer             0  0  0   2  2   1  0  1  0  0  0/0    15:40   0:00   5:01 
Kurt Sauer               0  1  1   0  0   0  0  1  0  0  0/0    18:28   0:09   4:26 
Marian Gaborik           1  2  3   0  2   5  3  0  2  0  0/2    20:01   2:51   0:00 
Maxim Lapierre           0  1  1   1  2   0  0  0  0  0  2/5     8:32   0:00   0:24 
Riley Cote               0  0  0   0  0   1  3  0  0  0  0/0     7:37   0:00   0:07 
Sergei Samsonov          1  0  1   1  2   1  1  1  2  0  0/0    11:24   1:40   0:00 
Tim Connolly             0  0  0   0  0   0  1  0  0  1  18/36  20:50   2:48   0:00 
Todd Marchant            0  0  0   0  0   0  0  0  0  1  0/2     7:24   0:00   0:00 
Tom Poti                 0  0  0   0  0   1  0  0  1  0  0/0    29:18   2:56   6:03 

Players Stats for Stars

Player Name              G  A  P  +/- PIM S  H  SB GA TA FO     MP     PP MP  PK MP  
------------------------------------------------------------------------------------
Alexei Kovalev           1  0  1   0  0   8  2  0  0  0  2/3    26:30   6:06   3:09 
Branislav Mezei          0  1  1   0  4   0  0  1  0  2  0/0    19:46   4:42   0:58 
Brendan Bell             0  0  0  -2  2   0  0  0  0  0  0/0    10:02   0:00   1:07 
Cory Stillman            0  1  1   0  2   1  2  0  0  1  1/1    17:28   4:37   0:48 
Evgeny Artyukhin         0  0  0  -1  0   0  0  0  0  0  0/0     9:42   0:03   0:00 
Filip Novak              0  0  0   0  0   0  2  0  0  1  0/0    20:18   4:43   2:14 
Glen Metropolit          0  0  0  -1  0   2  2  0  0  0  6/9    11:28   0:06   0:10 
Ivan Majesky             0  0  0   0  0   0  0  0  0  0  0/0     1:32   0:00   0:00 
Jan Hlavac               0  0  0  -1  0   0  1  0  1  0  1/1     7:39   0:00   1:09 
Johnny Oduya             0  0  0   0  0   3  1  1  1  1  0/0    29:18   6:03   2:17 
Marcus Nilson            0  0  0  -1  0   2  0  0  0  0  2/3    13:49   0:06   0:00 
Mark Parrish             0  0  0  -1  0   0  0  0  1  0  0/0     5:57   0:00   0:00 
Mathieu Schneider        0  0  0   0  0   4  1  3  0  0  0/0    30:02   6:03   2:17 
Mike Modano              0  2  2  -1  4   4  2  1  1  3  24/38  27:40   6:03   2:49 
Nathan Horton            0  0  0   0  0   0  0  0  0  0  0/1    15:16   4:37   0:00 
Patrik Elias             1  0  1   0  0   5  1  0  1  0  2/3    19:33   6:03   0:57 
Randy Jones              0  0  0  -2  0   0  0  0  0  0  0/0     9:07   0:00   0:09 
Steve Rucchin            1  0  1   0  0   2  3  0  0  0  1/8    15:22   4:37   0:00 

3 Stars

1 - Marian Gaborik (Pho)
2 - Frans Nielsen (Pho)
3 - Chad Larose (Pho)

Power Play

Coyotes - 2 on 4 Attempt(s) - 50,00%
Stars - 2 on 8 Attempt(s) - 25,00%

Penalty Kill

Coyotes - 6 on 8 Attempt(s) - 75,00% - Score 0 goal in Penalty Kill
Stars - 2 on 4 Attempt(s) - 50,00% - Score 0 goal in Penalty Kill

Official

Referees : Jackson Dave and Martell Rob
Linesman : Brian Mach and Derek Nansen

Game Notes

Chris Osgood enters game at 7:49 of 3rd period

Finance

Level 1 -- Attendance: 4356 (72,60%) -- Ticket Income 435 600 $
Level 2 -- Attendance: 3583 (71,66%) -- Ticket Income 214 980 $
Level 3 -- Attendance: 1492 (74,60%) -- Ticket Income 52 220 $
Level 4 -- Attendance: 3943 (98,58%) -- Ticket Income 78 860 $
Luxury Box -- Attendance: 765 (76,50%) -- Ticket Income 153 000 $
Game was played at the American Airlines Center
Total Attendance: 14139 (78,55%)
Total Ticket Income: 934 660 $
Total Income: 934 660 $

Coyotes

5 vs 5 Forward 
   Center                   Left Wing                Right Wing               Time % Phy DF OF 
 1 Tim Connolly             Brenden Morrow           Marian Gaborik           40     1   2  2  
 2 Frans Nielsen            Sergei Samsonov          Jamal Mayers             30     1   2  2  
 3 Maxim Lapierre           Drew Miller              Chad Larose              20     1   2  2  
 4 Todd Marchant            Riley Cote               Craig Adams              10     1   2  2  

5 vs 5 Defense 
   Defense                  Defense                                           Time % Phy DF OF 
 1 Jay Bouwmeester          Tom Poti                                          40     1   2  2  
 2 Christian Ehrhoff        Kurt Sauer                                        30     1   2  2  
 3 Denis Grebeshkov         Jiri Fischer                                      20     1   2  2  
 4 Jay Bouwmeester          Tom Poti                                          10     1   2  2  

PowerPlay Forward 
   Center                   Left Wing                Right Wing               Time % Phy DF OF 
 1 Tim Connolly             Brenden Morrow           Marian Gaborik           60     1   2  2  
 2 Frans Nielsen            Sergei Samsonov          Chad Larose              40     1   2  2  

PowerPlay Defense
   Defense                  Defense                                           Time % Phy DF OF 
 1 Jay Bouwmeester          Tom Poti                                          60     1   2  2  
 2 Christian Ehrhoff        Denis Grebeshkov                                  40     1   2  2  

Penalty Kill 4 Players Forward 
   Center                   Wing                     Time % Phy DF OF 
 1 Craig Adams              Chad Larose              60     1   2  2  
 2 Frans Nielsen            Drew Miller              40     1   2  2  

Penalty Kill 4 Players Defense
   Defense                  Defense                  Time % Phy DF OF 
 1 Jay Bouwmeester          Tom Poti                 60     1   2  2  
 2 Jiri Fischer             Kurt Sauer               40     1   2  2  

Penalty Kill - 3 Players Forward 
   Forward                                           Time % Phy DF OF 
 1 Chad Larose                                       60     1   2  2  
 2 Drew Miller                                       40     1   2  2  

Penalty Kill - 3 Players Defense
   Defense                  Defense                  Time % Phy DF OF 
 1 Jay Bouwmeester          Tom Poti                 60     1   2  2  
 2 Jiri Fischer             Kurt Sauer               40     1   2  2  

4 vs 4 Forward 
   Center                   Wing                     Time % Phy DF OF 
 1 Tim Connolly             Marian Gaborik           60     1   2  2  
 2 Frans Nielsen            Brenden Morrow           40     1   2  2  

4 vs 4 Defense
   Defense                  Defense                  Time % Phy DF OF 
 1 Jay Bouwmeester          Tom Poti                 60     1   2  2  
 2 Christian Ehrhoff        Kurt Sauer               40     1   2  2  

Last Minutes Offensive
   Center                   Left Wing                Right Wing               Defense                  Defense                  
   Tim Connolly             Brenden Morrow           Marian Gaborik           Jay Bouwmeester          Tom Poti                 

Last Minutes Defensive
   Center                   Left Wing                Right Wing               Defense                  Defense                  
   Tim Connolly             Brenden Morrow           Marian Gaborik           Jay Bouwmeester          Tom Poti                 

Goaltenders
Starting : Jean-Sébastien Giguère   
Backup : Peter Budaj              

Extra Forwards
Normal : Drew Miller, Jamal Mayers, Craig Adams - PP : Drew Miller, Jamal Mayers - PK : Craig Adams
Extra Defensemen
Normal : Denis Grebeshkov, Jiri Fischer, Christian Ehrhoff - PP : Denis Grebeshkov - PK : Jiri Fischer, Christian Ehrhoff
Penalty Shots
Marian Gaborik, Brenden Morrow, Tim Connolly, Frans Nielsen, Sergei Samsonov

Stars

5 vs 5 Forward 
   Center                   Left Wing                Right Wing               Time % Phy DF OF 
 1 Mike Modano              Patrik Elias             Alexei Kovalev           40     1   2  2  
 2 Steve Rucchin            Cory Stillman            Nathan Horton            30     1   2  2  
 3 Glen Metropolit          Marcus Nilson            Evgeny Artyukhin         20     1   2  2  
 4 Mike Modano              Jan Hlavac               Mark Parrish             10     1   2  2  

5 vs 5 Defense 
   Defense                  Defense                                           Time % Phy DF OF 
 1 Mathieu Schneider        Johnny Oduya                                      40     1   2  2  
 2 Branislav Mezei          Filip Novak                                       30     1   2  2  
 3 Randy Jones              Brendan Bell                                      20     1   2  2  
 4 Ivan Majesky             Mathieu Schneider                                 10     1   2  2  

PowerPlay Forward 
   Center                   Left Wing                Right Wing               Time % Phy DF OF 
 1 Mike Modano              Patrik Elias             Alexei Kovalev           60     1   2  2  
 2 Steve Rucchin            Cory Stillman            Nathan Horton            40     1   2  2  

PowerPlay Defense
   Defense                  Defense                                           Time % Phy DF OF 
 1 Mathieu Schneider        Johnny Oduya                                      60     1   2  2  
 2 Branislav Mezei          Filip Novak                                       40     1   2  2  

Penalty Kill 4 Players Forward 
   Center                   Wing                     Time % Phy DF OF 
 1 Mike Modano              Alexei Kovalev           60     1   2  2  
 2 Patrik Elias             Cory Stillman            40     1   2  2  

Penalty Kill 4 Players Defense
   Defense                  Defense                  Time % Phy DF OF 
 1 Mathieu Schneider        Johnny Oduya             60     1   2  2  
 2 Branislav Mezei          Filip Novak              40     1   2  2  

Penalty Kill - 3 Players Forward 
   Forward                                           Time % Phy DF OF 
 1 Mike Modano                                       60     1   2  2  
 2 Alexei Kovalev                                    40     1   2  2  

Penalty Kill - 3 Players Defense
   Defense                  Defense                  Time % Phy DF OF 
 1 Mathieu Schneider        Johnny Oduya             60     1   2  2  
 2 Branislav Mezei          Filip Novak              40     1   2  2  

4 vs 4 Forward 
   Center                   Wing                     Time % Phy DF OF 
 1 Mike Modano              Alexei Kovalev           60     1   2  2  
 2 Patrik Elias             Cory Stillman            40     1   2  2  

4 vs 4 Defense
   Defense                  Defense                  Time % Phy DF OF 
 1 Mathieu Schneider        Johnny Oduya             60     1   2  2  
 2 Branislav Mezei          Filip Novak              40     1   2  2  

Last Minutes Offensive
   Center                   Left Wing                Right Wing               Defense                  Defense                  
   Mike Modano              Patrik Elias             Alexei Kovalev           Mathieu Schneider        Johnny Oduya             

Last Minutes Defensive
   Center                   Left Wing                Right Wing               Defense                  Defense                  
   Mike Modano              Patrik Elias             Alexei Kovalev           Mathieu Schneider        Johnny Oduya             

Goaltenders
Starting : Miika Kiprusoff          
Backup : Chris Osgood             

Extra Forwards
Normal : Marcus Nilson, Glen Metropolit, Jan Hlavac - PP : Marcus Nilson, Glen Metropolit - PK : Jan Hlavac
Extra Defensemen
Normal : Randy Jones, Brendan Bell, Ivan Majesky - PP : Randy Jones - PK : Brendan Bell, Ivan Majesky
Penalty Shots
Mike Modano, Alexei Kovalev, Patrik Elias, Cory Stillman, Steve Rucchin

% Time on Ice - Coyotes

Lines # - Real PCT - Wanted PCT - Time Play
Normal Forward
1 - 36% - 40% - 14:20
2 - 25% - 30% - 10:08
3 - 20% - 20% - 7:57
4 - 19% - 10% - 7:24
Normal Defense
1 - 41% - 40% - 16:08
2 - 32% - 30% - 12:47
3 - 26% - 20% - 10:11
4 - 2% - 10% - 0:43
PP Forward
1 - 63% - 60% - 2:51
2 - 37% - 40% - 1:40
PP Defense
1 - 65% - 60% - 2:56
2 - 35% - 40% - 1:35
PK Forward
1 - 72% - 60% - 7:47
2 - 28% - 40% - 2:59
PK Defense
1 - 59% - 60% - 6:20
2 - 41% - 40% - 4:26
PK3 Forward
1 - 0% - 60%
2 - 0% - 40%
PK3 Defense
1 - 0% - 60%
2 - 0% - 40%
44 Forward
1 - 88% - 60% - 4:18
2 - 12% - 40% - 0:36
44 Defense
1 - 78% - 60% - 3:48
2 - 22% - 40% - 1:06
Last Minute Offensive  - 0:00
Last Minute Defensive  - 0:00
Total
Forward - 60:00
Defense - 60:00

% Time on Ice - Stars

Lines # - Real PCT - Wanted PCT - Time Play
Normal Forward
1 - 34% - 40% - 13:30
2 - 27% - 30% - 10:43
3 - 24% - 20% - 9:39
4 - 15% - 10% - 5:57
Normal Defense
1 - 43% - 40% - 16:59
2 - 31% - 30% - 12:26
3 - 22% - 20% - 8:52
4 - 4% - 10% - 1:32
PP Forward
1 - 57% - 60% - 6:09
2 - 43% - 40% - 4:37
PP Defense
1 - 56% - 60% - 6:03
2 - 44% - 40% - 4:43
PK Forward
1 - 79% - 60% - 3:34
2 - 21% - 40% - 0:57
PK Defense
1 - 51% - 60% - 2:17
2 - 49% - 40% - 2:14
PK3 Forward
1 - 0% - 60%
2 - 0% - 40%
PK3 Defense
1 - 0% - 60%
2 - 0% - 40%
44 Forward
1 - 85% - 60% - 4:10
2 - 15% - 40% - 0:44
44 Defense
1 - 81% - 60% - 3:59
2 - 19% - 40% - 0:55
Last Minute Offensive  - 0:00
Last Minute Defensive  - 0:00
Total
Forward - 60:00
Defense - 60:00

Play by Play

1st period


0:01 of 1st period - Tim Connolly wins face-off versus Patrik Elias in neutral zone.
0:08 of 1st period - Backhand shot by Tom Poti.
0:08 of 1st period - Stopped by Miika Kiprusoff without a rebound.
0:09 of 1st period - Mike Modano wins face-off versus Tim Connolly in Stars zone.
0:32 of 1st period - Wrist shot by Patrik Elias.
0:32 of 1st period - Shot Blocked by Brenden Morrow.
0:34 of 1st period - Snap shot by Alexei Kovalev.
0:34 of 1st period - Stopped by Jean-Sébastien Giguère with a rebound.
0:36 of 1st period - Slapshot by Patrik Elias.
0:36 of 1st period - Shot Blocked by Jay Bouwmeester.
0:38 of 1st period - Slapshot by Mathieu Schneider.
0:38 of 1st period - Deflect By Brenden Morrow.
0:38 of 1st period - Stopped by Jean-Sébastien Giguère without a rebound.
0:39 of 1st period - Frans Nielsen wins face-off versus Steve Rucchin in Coyotes zone.
0:39 of 1st period - Frans Nielsen is hit by Steve Rucchin.
0:56 of 1st period - Minor Penalty to Christian Ehrhoff for Holding.
0:57 of 1st period - Craig Adams wins face-off versus Alexei Kovalev in Coyotes zone.
1:32 of 1st period - Wrist shot by Mathieu Schneider.
1:32 of 1st period - Shot Blocked by Jay Bouwmeester.
2:56 of 1st period - Penalty to Christian Ehrhoff is over, Christian Ehrhoff is back on ice.
2:56 of 1st period - Kurt Sauer is hit by Glen Metropolit and loses puck.
3:09 of 1st period - Snap shot by Brenden Morrow.
3:09 of 1st period - Shot Misses the Net.
3:11 of 1st period - Slapshot by Jiri Fischer.
3:11 of 1st period - Stopped by Miika Kiprusoff without a rebound.
3:12 of 1st period - Glen Metropolit wins face-off versus Marian Gaborik in Stars zone.
3:33 of 1st period - Wrist shot by Mike Modano.
3:33 of 1st period - Shot Blocked by Jay Bouwmeester.
3:35 of 1st period - Backhand shot by Randy Jones.
3:35 of 1st period - Deflect By Mike Modano.
3:35 of 1st period - Shot Blocked by Sergei Samsonov.
3:35 of 1st period - Puck is out of play.
3:36 of 1st period - Frans Nielsen wins face-off versus Mike Modano in Coyotes zone.
3:36 of 1st period - Frans Nielsen is hit by Mike Modano.
4:36 of 1st period - Snap shot by Jamal Mayers.
4:36 of 1st period - Shot Blocked by Branislav Mezei.
4:46 of 1st period - Sergei Samsonov is hit by Filip Novak and loses puck.
5:05 of 1st period - Slapshot by Mathieu Schneider.
5:05 of 1st period - Stopped by Jean-Sébastien Giguère without a rebound.
5:06 of 1st period - Maxim Lapierre wins face-off versus Steve Rucchin in Coyotes zone.
5:13 of 1st period - Johnny Oduya is hit by Chad Larose.
5:31 of 1st period - Mathieu Schneider is hit by Jay Bouwmeester and loses puck.
5:42 of 1st period - Slapshot by Marian Gaborik.
5:42 of 1st period - Stopped by Miika Kiprusoff with a rebound.
6:02 of 1st period - Slapshot by Riley Cote.
6:02 of 1st period - Shot Misses the Net.
6:14 of 1st period - Alexei Kovalev is hit by Drew Miller and loses puck.
6:39 of 1st period - Randy Jones is hit by Riley Cote and loses puck.
7:08 of 1st period - Slapshot by Chad Larose.
7:08 of 1st period - Stopped by Miika Kiprusoff without a rebound.
7:09 of 1st period - Glen Metropolit wins face-off versus Tim Connolly in Stars zone.
8:09 of 1st period - Snap shot by Chad Larose.
8:09 of 1st period - Goal by Chad Larose - Coyotes : 1 - Stars : 0.
8:10 of 1st period - Tim Connolly wins face-off versus Steve Rucchin in neutral zone.
9:54 of 1st period - Johnny Oduya is hit by Frans Nielsen.
10:52 of 1st period - Snap shot by Craig Adams.
10:52 of 1st period - Stopped by Miika Kiprusoff with a rebound.
10:59 of 1st period - Minor Penalty to Sergei Samsonov for Boarding.
11:00 of 1st period - Mike Modano wins face-off versus Craig Adams in Coyotes zone.
11:01 of 1st period - Wrist shot by Alexei Kovalev.
11:01 of 1st period - Goal by Alexei Kovalev - Coyotes : 1 - Stars : 1.
11:02 of 1st period - Mike Modano wins face-off versus Tim Connolly in neutral zone.
11:14 of 1st period - Minor Penalty to Jay Bouwmeester for Hooking.
11:15 of 1st period - Mike Modano wins face-off versus Chad Larose in Coyotes zone.
11:46 of 1st period - Backhand shot by Cory Stillman.
11:46 of 1st period - Shot Misses the Net.
13:14 of 1st period - Penalty to Jay Bouwmeester is over, Jay Bouwmeester is back on ice.
13:27 of 1st period - Wrist shot by Evgeny Artyukhin.
13:27 of 1st period - Shot Hit the Post.
13:29 of 1st period - Slapshot by Mathieu Schneider.
13:29 of 1st period - Shot Blocked by Brenden Morrow.
13:31 of 1st period - Snap shot by Glen Metropolit.
13:31 of 1st period - Stopped by Jean-Sébastien Giguère with a rebound.
13:33 of 1st period - Snap shot by Johnny Oduya.
13:33 of 1st period - Deflect By Evgeny Artyukhin.
13:33 of 1st period - Shot Misses the Net.
13:33 of 1st period - Puck is out of play.
13:34 of 1st period - Marcus Nilson wins face-off versus Frans Nielsen in Coyotes zone.
13:59 of 1st period - Randy Jones is hit by Jay Bouwmeester and loses puck.
14:41 of 1st period - Slapshot by Marcus Nilson.
14:41 of 1st period - Deflect By Evgeny Artyukhin.
14:41 of 1st period - Shot Blocked by Jiri Fischer.
14:41 of 1st period - Puck is out of play.
14:42 of 1st period - Mike Modano wins face-off versus Tim Connolly in Coyotes zone.
14:43 of 1st period - Snap shot by Patrik Elias.
14:43 of 1st period - Stopped by Jean-Sébastien Giguère with a rebound.
14:45 of 1st period - Slapshot by Mike Modano.
14:45 of 1st period - Shot Blocked by Christian Ehrhoff.
14:47 of 1st period - Snap shot by Patrik Elias.
14:47 of 1st period - Shot Misses the Net.
14:49 of 1st period - Snap shot by Patrik Elias.
14:49 of 1st period - Shot Misses the Net.
14:51 of 1st period - Snap shot by Mike Modano.
14:51 of 1st period - Stopped by Jean-Sébastien Giguère with a rebound.
14:53 of 1st period - Snap shot by Patrik Elias.
14:53 of 1st period - Goal by Patrik Elias - Coyotes : 1 - Stars : 2.
14:54 of 1st period - Mike Modano wins face-off versus Tim Connolly in neutral zone.
15:19 of 1st period - Christian Ehrhoff is hit by Glen Metropolit and loses puck.
15:24 of 1st period - Snap shot by Evgeny Artyukhin.
15:24 of 1st period - Deflect By Marcus Nilson.
15:24 of 1st period - Shot Blocked by Brenden Morrow.
15:24 of 1st period - Puck is out of play.
15:25 of 1st period - Glen Metropolit wins face-off versus Frans Nielsen in Coyotes zone.
15:28 of 1st period - Snap shot by Marcus Nilson.
15:28 of 1st period - Shot Blocked by Jay Bouwmeester.
15:30 of 1st period - Snap shot by Marcus Nilson.
15:30 of 1st period - Deflect By Glen Metropolit.
15:30 of 1st period - Shot Misses the Net.
15:30 of 1st period - Puck is out of play.
15:31 of 1st period - Alexei Kovalev wins face-off versus Frans Nielsen in Coyotes zone.
15:32 of 1st period - Snap shot by Mike Modano.
15:32 of 1st period - Stopped by Jean-Sébastien Giguère with a rebound.
15:34 of 1st period - Snap shot by Alexei Kovalev.
15:34 of 1st period - Stopped by Jean-Sébastien Giguère with a rebound.
15:36 of 1st period - Wrist shot by Alexei Kovalev.
15:36 of 1st period - Stopped by Jean-Sébastien Giguère with a rebound.
15:42 of 1st period - Snap shot by Patrik Elias.
15:42 of 1st period - Stopped by Jean-Sébastien Giguère with a rebound.
15:43 of 1st period - Minor Penalty to Mike Modano for Holding.
15:43 of 1st period - Minor Penalty to Frans Nielsen for Hooking.
15:44 of 1st period - Marcus Nilson wins face-off versus Tim Connolly in Coyotes zone.
15:49 of 1st period - Snap shot by Marcus Nilson.
15:49 of 1st period - Stopped by Jean-Sébastien Giguère with a rebound.
15:51 of 1st period - Snap shot by Marcus Nilson.
15:51 of 1st period - Stopped by Jean-Sébastien Giguère without a rebound.
15:52 of 1st period - Tim Connolly wins face-off versus Marcus Nilson in Coyotes zone.
16:45 of 1st period - Slapshot by Tim Connolly.
16:45 of 1st period - Shot Blocked by Johnny Oduya.
17:37 of 1st period - Snap shot by Jay Bouwmeester.
17:37 of 1st period - Shot Misses the Net.
17:43 of 1st period - Penalty to Mike Modano is over, Mike Modano is back on ice.
17:43 of 1st period - Penalty to Frans Nielsen is over, Frans Nielsen is back on ice.
17:49 of 1st period - Snap shot by Mike Modano.
17:49 of 1st period - Shot Misses the Net.
18:34 of 1st period - Off-side.
18:35 of 1st period - Maxim Lapierre wins face-off versus Steve Rucchin in neutral zone.
18:50 of 1st period - Wrist shot by Drew Miller.
18:50 of 1st period - Shot Misses the Net.
19:08 of 1st period - Snap shot by Craig Adams.
19:08 of 1st period - Stopped by Miika Kiprusoff without a rebound.
19:09 of 1st period - Steve Rucchin wins face-off versus Maxim Lapierre in Stars zone.
19:46 of 1st period - Slapshot by Christian Ehrhoff.
19:46 of 1st period - Stopped by Miika Kiprusoff without a rebound.
19:47 of 1st period - Mike Modano wins face-off versus Todd Marchant in Stars zone.
19:52 of 1st period - Slapshot by Randy Jones.
19:52 of 1st period - Shot Misses the Net.

2nd period


0:01 of 2nd period - Tim Connolly wins face-off versus Mike Modano in neutral zone.
0:12 of 2nd period - Patrik Elias is hit by Brenden Morrow and loses puck.
0:16 of 2nd period - Minor Penalty to Brenden Morrow for Roughing.
0:17 of 2nd period - Mike Modano wins face-off versus Craig Adams in Coyotes zone.
0:42 of 2nd period - Chad Larose is hit by Cory Stillman and loses puck.
1:43 of 2nd period - Patrik Elias is hit by Drew Miller and loses puck.
1:47 of 2nd period - Icing by Johnny Oduya.
1:48 of 2nd period - Mike Modano wins face-off versus Frans Nielsen in Stars zone.
2:01 of 2nd period - Kurt Sauer is hit by Filip Novak and loses puck.
2:16 of 2nd period - Penalty to Brenden Morrow is over, Brenden Morrow is back on ice.
2:18 of 2nd period - Brenden Morrow is hit by Cory Stillman and loses puck.
2:36 of 2nd period - Slapshot by Glen Metropolit.
2:36 of 2nd period - Shot Misses the Net.
2:38 of 2nd period - Slapshot by Johnny Oduya.
2:38 of 2nd period - Stopped by Jean-Sébastien Giguère without a rebound.
2:39 of 2nd period - Tim Connolly wins face-off versus Mike Modano in Coyotes zone.
2:52 of 2nd period - Icing by Brenden Morrow.
2:53 of 2nd period - Tim Connolly wins face-off versus Mike Modano in Coyotes zone.
2:57 of 2nd period - Off-side.
2:58 of 2nd period - Mike Modano wins face-off versus Frans Nielsen in neutral zone.
3:23 of 2nd period - Steve Rucchin is hit by Tim Connolly and loses puck.
3:49 of 2nd period - Minor Penalty to Branislav Mezei for Roughing.
3:50 of 2nd period - Mike Modano wins face-off versus Tim Connolly in Stars zone.
3:57 of 2nd period - Snap shot by Alexei Kovalev.
3:57 of 2nd period - Stopped by Jean-Sébastien Giguère with a rebound.
4:15 of 2nd period - Johnny Oduya is hit by Chad Larose and loses puck.
5:01 of 2nd period - Slapshot by Alexei Kovalev.
5:01 of 2nd period - Stopped by Jean-Sébastien Giguère with a rebound.
5:33 of 2nd period - Johnny Oduya is hit by Brenden Morrow and loses puck.
5:49 of 2nd period - Penalty to Branislav Mezei is over, Branislav Mezei is back on ice.
6:10 of 2nd period - Johnny Oduya is hit by Riley Cote and loses puck.
8:12 of 2nd period - Patrik Elias is hit by Jay Bouwmeester and loses puck.
8:35 of 2nd period - Craig Adams is hit by Steve Rucchin and loses puck.
9:03 of 2nd period - Slapshot by Jay Bouwmeester.
9:03 of 2nd period - Stopped by Miika Kiprusoff with a rebound.
9:05 of 2nd period - Wrist shot by Tom Poti.
9:05 of 2nd period - Deflect By Drew Miller.
9:05 of 2nd period - Stopped by Miika Kiprusoff with a rebound.
9:31 of 2nd period - Wrist shot by Frans Nielsen.
9:31 of 2nd period - Stopped by Miika Kiprusoff without a rebound.
9:32 of 2nd period - Frans Nielsen wins face-off versus Steve Rucchin in Stars zone.
9:53 of 2nd period - Slapshot by Brenden Morrow.
9:53 of 2nd period - Deflect By Marian Gaborik.
9:53 of 2nd period - Stopped by Miika Kiprusoff without a rebound.
9:54 of 2nd period - Tim Connolly wins face-off versus Glen Metropolit in Stars zone.
9:59 of 2nd period - Snap shot by Brenden Morrow.
9:59 of 2nd period - Shot Hit the Post.
10:08 of 2nd period - Minor Penalty to Marian Gaborik for Roughing.
10:09 of 2nd period - Craig Adams wins face-off versus Mike Modano in Coyotes zone.
10:09 of 2nd period - Craig Adams is hit by Patrik Elias.
10:17 of 2nd period - Snap shot by Chad Larose.
10:17 of 2nd period - Stopped by Miika Kiprusoff without a rebound.
10:18 of 2nd period - Mike Modano wins face-off versus Craig Adams in Stars zone.
10:22 of 2nd period - Off-side.
10:23 of 2nd period - Craig Adams wins face-off versus Mike Modano in neutral zone.
10:30 of 2nd period - Wrist shot by Jay Bouwmeester.
10:30 of 2nd period - Shot Blocked by Mathieu Schneider.
10:48 of 2nd period - Jay Bouwmeester is hit by Steve Rucchin and loses puck.
10:55 of 2nd period - Slapshot by Cory Stillman.
10:55 of 2nd period - Deflect By Nathan Horton.
10:55 of 2nd period - Shot Blocked by Jay Bouwmeester.
10:55 of 2nd period - Puck is out of play.
10:56 of 2nd period - Craig Adams wins face-off versus Mike Modano in Coyotes zone.
10:56 of 2nd period - Craig Adams is hit by Mike Modano.
11:11 of 2nd period - Minor Penalty to Branislav Mezei for High sticking.
11:12 of 2nd period - Mike Modano wins face-off versus Tim Connolly in Stars zone.
11:17 of 2nd period - Wrist shot by Alexei Kovalev.
11:17 of 2nd period - Stopped by Jean-Sébastien Giguère with a rebound.
11:19 of 2nd period - Backhand shot by Johnny Oduya.
11:19 of 2nd period - Shot Misses the Net.
11:48 of 2nd period - Icing by Mathieu Schneider.
11:49 of 2nd period - Patrik Elias wins face-off versus Tim Connolly in Stars zone.
11:58 of 2nd period - Snap shot by Alexei Kovalev.
11:58 of 2nd period - Deflect By Mike Modano.
11:58 of 2nd period - Stopped by Jean-Sébastien Giguère with a rebound.
12:08 of 2nd period - Penalty to Marian Gaborik is over, Marian Gaborik is back on ice.
12:14 of 2nd period - Snap shot by Marian Gaborik.
12:14 of 2nd period - Shot Blocked by Mike Modano.
12:16 of 2nd period - Wrist shot by Sergei Samsonov.
12:16 of 2nd period - Goal by Sergei Samsonov - Coyotes : 2 - Stars : 2.
12:17 of 2nd period - Tim Connolly wins face-off versus Steve Rucchin in neutral zone.
12:19 of 2nd period - Off-side.
12:20 of 2nd period - Tim Connolly wins face-off versus Nathan Horton in neutral zone.
13:39 of 2nd period - Wrist shot by Alexei Kovalev.
13:39 of 2nd period - Shot Blocked by Kurt Sauer.
13:43 of 2nd period - Wrist shot by Mike Modano.
13:43 of 2nd period - Shot Misses the Net.
13:45 of 2nd period - Snap shot by Mike Modano.
13:45 of 2nd period - Stopped by Jean-Sébastien Giguère with a rebound.
13:47 of 2nd period - Snap shot by Patrik Elias.
13:47 of 2nd period - Shot Misses the Net.
13:49 of 2nd period - Snap shot by Mathieu Schneider.
13:49 of 2nd period - Stopped by Jean-Sébastien Giguère with a rebound.
13:51 of 2nd period - Wrist shot by Mike Modano.
13:51 of 2nd period - Shot Misses the Net.
13:53 of 2nd period - Slapshot by Johnny Oduya.
13:53 of 2nd period - Stopped by Jean-Sébastien Giguère with a rebound.
14:11 of 2nd period - Snap shot by Patrik Elias.
14:11 of 2nd period - Stopped by Jean-Sébastien Giguère without a rebound.
14:12 of 2nd period - Tim Connolly wins face-off versus Steve Rucchin in Coyotes zone.
15:48 of 2nd period - Filip Novak is hit by Craig Adams and loses puck.
16:10 of 2nd period - Brendan Bell is hit by Marian Gaborik and loses puck.
16:25 of 2nd period - Minor Penalty to Brendan Bell for Interference.
16:25 of 2nd period - Minor Penalty to Jamal Mayers for Interference.
16:26 of 2nd period - Tim Connolly wins face-off versus Mike Modano in Coyotes zone.
16:26 of 2nd period - Tim Connolly is hit by Alexei Kovalev.
16:38 of 2nd period - Snap shot by Marian Gaborik.
16:38 of 2nd period - Stopped by Miika Kiprusoff without a rebound.
16:39 of 2nd period - Mike Modano wins face-off versus Tim Connolly in Stars zone.
16:39 of 2nd period - Mike Modano is hit by Marian Gaborik.
16:45 of 2nd period - Jay Bouwmeester is hit by Johnny Oduya and loses puck.
18:25 of 2nd period - Penalty to Brendan Bell is over, Brendan Bell is back on ice.
18:25 of 2nd period - Penalty to Jamal Mayers is over, Jamal Mayers is back on ice.
18:35 of 2nd period - Minor Penalty to Cory Stillman for Hooking.
18:36 of 2nd period - Tim Connolly wins face-off versus Mike Modano in Stars zone.
19:08 of 2nd period - Off-side.
19:09 of 2nd period - Patrik Elias wins face-off versus Tim Connolly in neutral zone.

3rd period


0:01 of 3rd period - Tim Connolly wins face-off versus Mike Modano in neutral zone.
0:11 of 3rd period - Slapshot by Brenden Morrow.
0:11 of 3rd period - Deflect By Johnny Oduya.
0:11 of 3rd period - Shot Blocked by Mathieu Schneider.
0:11 of 3rd period - Puck is out of play.
0:12 of 3rd period - Mike Modano wins face-off versus Tim Connolly in Stars zone.
0:35 of 3rd period - Penalty to Cory Stillman is over, Cory Stillman is back on ice.
0:46 of 3rd period - Alexei Kovalev is hit by Chad Larose and loses puck.
1:01 of 3rd period - Cory Stillman is hit by Riley Cote and loses puck.
1:18 of 3rd period - Snap shot by Alexei Kovalev.
1:18 of 3rd period - Stopped by Jean-Sébastien Giguère without a rebound.
1:19 of 3rd period - Tim Connolly wins face-off versus Glen Metropolit in Coyotes zone.
1:51 of 3rd period - Wrist shot by Jamal Mayers.
1:51 of 3rd period - Stopped by Miika Kiprusoff with a rebound.
3:26 of 3rd period - Chad Larose is hit by Jan Hlavac and loses puck.
3:33 of 3rd period - Mark Parrish is hit by Drew Miller and loses puck.
5:22 of 3rd period - Minor Penalty to Mike Modano for Roughing.
5:23 of 3rd period - Jan Hlavac wins face-off versus Tim Connolly in Stars zone.
5:46 of 3rd period - Snap shot by Frans Nielsen.
5:46 of 3rd period - Goal by Frans Nielsen - Coyotes : 3 - Stars : 2.
5:47 of 3rd period - Mike Modano wins face-off versus Marian Gaborik in neutral zone.
7:14 of 3rd period - Christian Ehrhoff is hit by Alexei Kovalev and loses puck.
7:44 of 3rd period - Brendan Bell is hit by Sergei Samsonov and loses puck.
7:49 of 3rd period - Wrist shot by Frans Nielsen.
7:49 of 3rd period - Goal by Frans Nielsen - Coyotes : 4 - Stars : 2.
7:49 of 3rd period - Chris Osgood enters game.
7:50 of 3rd period - Mike Modano wins face-off versus Maxim Lapierre in neutral zone.
7:55 of 3rd period - Snap shot by Mike Modano.
7:55 of 3rd period - Shot Misses the Net.
8:20 of 3rd period - Slapshot by Denis Grebeshkov.
8:20 of 3rd period - Deflect By Craig Adams.
8:20 of 3rd period - Deflect By Nathan Horton.
8:20 of 3rd period - Shot Misses the Net.
8:20 of 3rd period - Puck is out of play.
8:21 of 3rd period - Cory Stillman wins face-off versus Tim Connolly in Stars zone.
9:10 of 3rd period - Snap shot by Glen Metropolit.
9:10 of 3rd period - Stopped by Jean-Sébastien Giguère without a rebound.
9:11 of 3rd period - Glen Metropolit wins face-off versus Tim Connolly in Coyotes zone.
9:16 of 3rd period - Slapshot by Mathieu Schneider.
9:16 of 3rd period - Stopped by Jean-Sébastien Giguère without a rebound.
9:17 of 3rd period - Alexei Kovalev wins face-off versus Tim Connolly in Coyotes zone.
9:28 of 3rd period - Wrist shot by Mike Modano.
9:28 of 3rd period - Shot Misses the Net.
9:30 of 3rd period - Slapshot by Johnny Oduya.
9:30 of 3rd period - Stopped by Jean-Sébastien Giguère without a rebound.
9:31 of 3rd period - Tim Connolly wins face-off versus Mike Modano in Coyotes zone.
11:11 of 3rd period - Minor Penalty to Jiri Fischer for Interference.
11:12 of 3rd period - Mike Modano wins face-off versus Craig Adams in Coyotes zone.
11:13 of 3rd period - Snap shot by Patrik Elias.
11:13 of 3rd period - Stopped by Jean-Sébastien Giguère without a rebound.
11:14 of 3rd period - Mike Modano wins face-off versus Craig Adams in Coyotes zone.
11:47 of 3rd period - Snap shot by Steve Rucchin.
11:47 of 3rd period - Goal by Steve Rucchin - Coyotes : 4 - Stars : 3.
11:48 of 3rd period - Mike Modano wins face-off versus Tim Connolly in neutral zone.
11:56 of 3rd period - Off-side.
11:57 of 3rd period - Tim Connolly wins face-off versus Mike Modano in neutral zone.
12:03 of 3rd period - Icing by Johnny Oduya.
12:04 of 3rd period - Tim Connolly wins face-off versus Mike Modano in Stars zone.
12:56 of 3rd period - Snap shot by Riley Cote.
12:56 of 3rd period - Shot Misses the Net.
13:42 of 3rd period - Wrist shot by Marian Gaborik.
13:42 of 3rd period - Shot Blocked by Mathieu Schneider.
14:20 of 3rd period - Slapshot by Riley Cote.
14:20 of 3rd period - Stopped by Chris Osgood without a rebound.
14:21 of 3rd period - Glen Metropolit wins face-off versus Todd Marchant in Stars zone.
14:34 of 3rd period - Wrist shot by Glen Metropolit.
14:34 of 3rd period - Shot Misses the Net.
14:55 of 3rd period - Wrist shot by Marian Gaborik.
14:55 of 3rd period - Stopped by Chris Osgood without a rebound.
14:56 of 3rd period - Mike Modano wins face-off versus Frans Nielsen in Stars zone.
15:03 of 3rd period - Snap shot by Mike Modano.
15:03 of 3rd period - Shot Misses the Net.
15:05 of 3rd period - Wrist shot by Alexei Kovalev.
15:05 of 3rd period - Shot Misses the Net.
15:11 of 3rd period - Snap shot by Alexei Kovalev.
15:11 of 3rd period - Shot Blocked by Denis Grebeshkov.
15:42 of 3rd period - Steve Rucchin is hit by Marian Gaborik and loses puck.
15:52 of 3rd period - Minor Penalty to Brenden Morrow for Boarding.
15:53 of 3rd period - Mike Modano wins face-off versus Craig Adams in Coyotes zone.
16:08 of 3rd period - Wrist shot by Alexei Kovalev.
16:08 of 3rd period - Shot Blocked by Craig Adams.
16:20 of 3rd period - Wrist shot by Nathan Horton.
16:20 of 3rd period - Shot Blocked by Craig Adams.
17:52 of 3rd period - Penalty to Brenden Morrow is over, Brenden Morrow is back on ice.
17:57 of 3rd period - Slapshot by Brenden Morrow.
17:57 of 3rd period - Stopped by Chris Osgood without a rebound.
17:58 of 3rd period - Tim Connolly wins face-off versus Glen Metropolit in Stars zone.
18:05 of 3rd period - Snap shot by Marian Gaborik.
18:05 of 3rd period - Goal by Marian Gaborik - Coyotes : 5 - Stars : 3.
18:06 of 3rd period - Glen Metropolit wins face-off versus Maxim Lapierre in neutral zone.
18:20 of 3rd period - Off-side.
18:21 of 3rd period - Mike Modano wins face-off versus Tim Connolly in neutral zone.
18:28 of 3rd period - Backhand shot by Mike Modano.
18:28 of 3rd period - Shot Misses the Net.
18:46 of 3rd period - Johnny Oduya is hit by Jay Bouwmeester and loses puck.
18:50 of 3rd period - Minor Penalty to Maxim Lapierre for Hooking.
18:51 of 3rd period - Mike Modano wins face-off versus Craig Adams in Coyotes zone.
19:06 of 3rd period - Slapshot by Alexei Kovalev.
19:06 of 3rd period - Shot Misses the Net.
19:18 of 3rd period - Drew Miller is hit by Mathieu Schneider and loses puck.
19:29 of 3rd period - Backhand shot by Cory Stillman.
19:29 of 3rd period - Stopped by Jean-Sébastien Giguère with a rebound.
19:31 of 3rd period - Wrist shot by Steve Rucchin.
19:31 of 3rd period - Stopped by Jean-Sébastien Giguère without a rebound.
19:32 of 3rd period - Chad Larose wins face-off versus Mike Modano in Coyotes zone.


Output by the SimonT Hockey Simulator (STHS) for François Prévost -- Original Page W3C XHTML 1.0 Valid
Hockey Simulator - Hockey Simulation - Hockey Manager